 Dungeon Crawl Stone Soup version 0.31-a0-1576-ga3383bade6 (webtiles) character file.

Game seed: 10104215394178077712

133 MisterAzrael the Grave Robber (level 5, -10/57 HPs)
             Began as a Hill Orc Necromancer on Jan 5, 2024.
             Killed by divine providence
             ... invoked by an orc priest
              (14 damage)
             ... on level 4 of the Dungeon.
             The game lasted 00:04:48 (2908 turns).

MisterAzrael the Grave Robber (HONe)                Turns: 2908, Time: 00:04:49

Health: -10/57     AC: 22    Str: 11    XL:     5   Next: 16%
Magic:  1/8        EV:  2    Int: 20    God:
Gold:   102        SH:  0    Dex: 11    Spells: 0/8 levels left

rFire   . . .        c - +0 spear
rCold   . . .        (no shield)
rNeg    . . .        a - melded +0 robe
rPois   +            o - melded +0 helmet
rElec   .            (cloak currently unavailable)
rCorr   .            (gloves currently unavailable)
SInv    +            (boots currently unavailable)
Will    .....        t - amulet of Honesty {Faith Int+3 SInv}
Stlth   ++           (no ring)
HPRegen 0.29/turn    (no ring)
MPRegen 0.11/turn

%: faith
@: tree-form, attractive
A: stationary, stasis, torment immunity, boosted hp
a: Convert to Beogh


You were on level 4 of the Dungeon.
You were a tree.
You visited 1 branch of the dungeon, and saw 4 of its levels.

You collected 102 gold pieces.

Inventory:

Hand Weapons
 c - a +0 spear (weapon)
 h - a +2 dagger of venom
Armour
 a - a +0 robe (melded)
 o - a +0 helmet (melded)
Jewellery
 t - the amulet of Honesty (around neck) {Faith Int+3 SInv}
   (You found it on level 3 of the Dungeon)

   [amulet of faith]

   Faith:     It allows you to gain divine favour quickly.
   Int+3:     It affects your intelligence (+3).
   SInv:      It lets you see invisible.
Talismans
 k - a storm talisman
Scrolls
 d - 2 scrolls of poison
 e - 2 scrolls of teleportation
 f - 8 scrolls of identify
 g - a scroll of enchant armour {unknown}
 m - a scroll of brand weapon {unknown}
 p - a scroll of noise {unknown}
 r - 3 scrolls of silence {unknown}
 s - a scroll of vulnerability {unknown}
Potions
 b - a potion of magic
 i - a potion of mutation {unknown}
 j - a potion of degeneration {unknown}
 l - a potion of might {unknown}
 n - a potion of curing {unknown}
 u - 2 potions of lignification


   Skills:
 + Level 1.7 Polearms
 - Level 1.5 Dodging
 - Level 1.5 Stealth
 + Level 2.4 Spellcasting
 * Level 5.3 Necromancy
 - Level 0.5 Shapeshifting


You couldn't memorise any spells.
You knew the following spells:

 Your Spells              Type           Power      Damage    Failure   Level
a - Necrotise             Necr           92%        1d8       1%          1
b - Vampiric Draining     Necr           23%        2d7       4%          3
c - Animate Dead          Necr           23%        N/A       17%         4

Your spell library contained the following spells:

 Spells                   Type           Power      Damage    Failure   Level
 Dazzling Flash           Conj/Hex       4%         N/A       41%         3
 Mephitic Cloud           Conj/Alch/Air  2%         N/A       41%         3
 Curse of Agony           Necr           23%        N/A       43%         5
 Silence                  Hex/Air        1%         N/A       99%         5
 Malign Gateway           Summ/Tloc      1%         N/A       100%        7
 Summon Horrible Things   Summ           1%         N/A       100%        8


Dungeon Overview and Level Annotations

Branches:
Dungeon (4/15)
 Temple: D:4-7

Altars:

Annotations:
D:3 3 runed translucent doors, Grinder; Sundig's ghost, amateur DsFi


Message History

The orc writhes in agony.
You kill the orc!
The dead are walking!
The orc barely resists.
The orc hits you with a +0 mace.
The orc priest barely resists.
The orc hits you with a +0 mace. The orc priest barely misses you.
The orc priest writhes in agony.
The orc priest shouts, "Surrender to Beogh and we'll let you live!"
Your orc skeleton hits the orc but does no damage.
The orc hits you with a +0 mace.
The orc priest calls down the wrath of Beogh upon you.
Beogh smites you!
You are too injured to fight recklessly!
Aiming: Necrotise (safe; 1% risk of failure)
Press: ? - help, Q - select action, (/) - cycle Shift-Dir - straight line, f/p - orc priest
Aim: an orc priest, wielding a +0 flail (moderately wounded, ally target, chance to affect: 81%)
The orc priest writhes in agony.
The orc barely misses you.
The orc priest shouts, "Beogh is our master!
Accept the truth or die!"
The orc priest hits you with a +0 flail.
Your orc skeleton barely misses the orc.
The orc attacks as it pursues you! The orc barely misses you.
The orc completely misses you.
Your orc skeleton barely misses the orc.
Something hits your orc skeleton!
Your orc skeleton is destroyed!
You barely miss the orc. The orc hits you with a +0 mace!
* * * LOW HITPOINT WARNING * * *
You hit the orc but do no damage. The orc hits you with a +0 mace.
* * * LOW HITPOINT WARNING * * *
The orc attacks as it pursues you! The orc closely misses you.
It was a potion of lignification.
You turn into a tree.
Your +0 helmet melds into your body.
Your +0 robe melds into your body.
Your roots penetrate the ground.
The orc hits you with a +0 mace.
* * * LOW HITPOINT WARNING * * *
It was a potion of attraction.
You feel attractive to monsters.
The orc priest calls down the wrath of Beogh upon you.
Beogh smites you!
You die...

..#'#
#........# #
... #...##.#.#
..
####...##.#.#
#.........#.#
...........#.#
...........#.#
..#.......##.#
. #.#...#.##.#
#.#...#♣...# #
#####o#### #o#
##.#####.#
.........#
......)###
#####.. #..
#..


You could see an orc priest and an orc.

Vanquished Creatures
  3 adders
  4 gnolls
  A dart slug (D:2)
  2 ribbon worms (D:2)
  An orc (D:4)
  4 ball pythons
  2 bats
  3 endoplasms
  3 giant cockroaches
  4 goblins
  4 hobgoblins (D:1)
  5 jackals
  7 kobolds
  3 quokkas
  2 frilled lizards (D:1)
  7 rats
55 creatures vanquished.

Notes
Turn   | Place    | Note
-------+----------+-------------------------------------------
     0 | D:1      | MisterAzrael the Hill Orc Necromancer began the quest for
                  | the Orb.
     0 | D:1      | Reached XP level 1. HP: 14/14 MP: 3/3
    25 | D:1      | Reached XP level 2. HP: 13/20 MP: 0/4
   536 | D:1      | Reached XP level 3. HP: 20/26 MP: 4/6
   560 | D:1      | Learned a level 3 spell: Vampiric Draining
  1369 | D:2      | Reached XP level 4. HP: 33/33 MP: 2/7
  1437 | D:2      | Reached skill level 1 in Polearms
  1862 | D:2      | Reached skill level 5 in Necromancy
  2154 | D:3      | Identified the amulet of Honesty {Faith Int+3 SInv}
  2161 | D:3      | Found a runed translucent gate.
  2162 | D:3      | Found a runed translucent gate.
  2162 | D:3      | Found a runed translucent gate.
  2166 | D:3      | Noticed Sundig's ghost (amateur DsFi)
  2429 | D:4      | HP: 2/49 [gnoll/+0 whip (8)]
  2557 | D:3      | Reached XP level 5. HP: 11/38 MP: 8/8
  2648 | D:3      | Noticed Grinder
  2758 | D:4      | Learned a level 4 spell: Animate Dead
  2908 | D:4      | Killed from afar by an orc priest

Illustrated notes

Levels and vault maps discovered:
D:1:      saegor_arrival_miasma, layout_basic, chequers_decorated_corner
D:2:      layout_loops_cross
D:3:      layout_basic, gammafunk_ghost_split, minmay_misc_feat_doors,
          uniq_crazy_yiuf_cottage, uniq_grinder
D:4:      layout_loops_corners

Skill      XL: |  1  2  3  4 |
---------------+-------------+-----
Spellcasting   | 2 |  2.4
Polearms       | 1 |  1.7
Necromancy     | 5 |  5.3
Dodging        | |  1.5
Stealth        | |  1.5
Shapeshifting  | |  0.5

Action                     |  1- 3 |  4- 6 || total
---------------------------+-------+-------++-------
  Melee: Spear             |    55 |    85 ||   140
         Punch             |       |     2 ||     2
   Cast: Necrotise         |    41 |    40 ||    81
         Vampiric Draining |     1 |       ||     1
    Use: Potion            |       |     4 ||     4
         Scroll            |       |     3 ||     3
   Stab: Sleeping          |     4 |     2 ||     6
 Armour: Robe              |    25 |    59 ||    84
         Skin              |       |     1 ||     1
  Dodge: Dodged            |    22 |    76 ||    98

Table legend: (Time is in decaauts)
 A = Elapsed time spent in this place.
 B = Non-inter-level travel time spent in this place.
 C = Inter-level travel time spent in this place.
 D = Time resting spent in this place.
 E = Time spent auto-exploring this place.
 F = Levels seen in this place.
 G = Mean time per level.
                   A        B        C        D        E       F      G
               +--------+--------+--------+--------+--------+-----+--------+
         Total |   2935 |   2879 |     56 |    435 |   1930 |   4 |  733.8 |
       Dungeon |   2935 |   2879 |     56 |    435 |   1930 |   4 |  733.8 |
               +--------+--------+--------+--------+--------+-----+--------+

Top non-repeatable levels by time:
     D:1: 1149 daAuts
     D:2: 957 daAuts
     D:3: 468 daAuts
     D:4: 361 daAuts
